 Dungeon Crawl Stone Soup version 0.21-a0-630-g344d351 (webtiles) character file.

46 slep the Slasher (level 3, 0/27 HPs)
             Began as a Demonspawn Gladiator on Dec 26, 2017.
             Slain by a giant cockroach (1 damage)
             ... on level 2 of the Dungeon.
             The game lasted 00:02:24 (712 turns).

slep the Slasher (Demonspawn Gladiator)              Turns: 712, Time: 00:02:25

Health: 0/27       AC:  3    Str: 14    XL:     3   Next: 46%
Magic:  3/3        EV: 13    Int:  9    God:
Gold:   45         SH:  0    Dex: 15    Spells: 2/2 levels left

rFire    . . .     SeeInvis .   a - +0 long sword
rCold    . . .     Gourm    .   (no shield)
rNeg     . . .     Faith    .   b - +0 leather armour
rPois    .         Spirit   .   (helmet restricted)
rElec    .         Reflect  .   (no cloak)
rCorr    .         Harm     .   (no gloves)
MR       .....                  (no boots)
Stlth    +.........             (no amulet)
HPRegen  0.09/turn              (no ring)
MPRegen  0.08/turn              (no ring)

@: no status effects
A: antennae 1, powered by pain 1
a: no special abilities


You were on level 2 of the Dungeon.
You were not hungry.

You visited 1 branch of the dungeon, and saw 2 of its levels.

You collected 45 gold pieces.

Inventory:

Hand Weapons
 a - a +0 long sword (weapon)
Missiles
 d - 3 throwing nets (quivered)
 i - 6 javelins
 j - 10 poisoned needles
Armour
 b - a +0 leather armour (worn)
 c - a +0 helmet
 o - a +0 buckler
Scrolls
 e - a scroll of enchant armour {unknown}
 g - a scroll of random uselessness {unknown}
 k - 2 scrolls of remove curse {unknown}
 m - a scroll of identify {unknown}
Potions
 h - a potion of curing {unknown}
 l - a potion of cancellation {unknown}
 n - a potion of flight {unknown}
Comestibles
 f - 4 rations


   Skills:
 + Level 2.2 Fighting
 + Level 3.4 Long Blades
 + Level 2.3 Throwing
 + Level 3.0 Dodging


You had 2 spell levels left.
You didn't know any spells.

Dungeon Overview and Level Annotations

Branches:
Dungeon (2/15)

Altars:
Ashenzari


Innate Abilities, Weirdness & Mutations

You have a pair of small antennae on your head.
You sometimes gain a little power by taking damage.


Message History

You closely miss the adder.
The adder is lightly wounded.
The kobold hits you but does no damage. The adder closely misses you.
You riposte.
You slash the adder!
The adder is almost dead.
The giant cockroach completely misses you.
You miss the adder.
The adder is almost dead.
The adder barely misses you.
The giant cockroach bites you but does no damage.
The kobold hits you but does no damage. The adder bites you but does no damage.
The giant cockroach misses you. The kobold closely misses you.
You hit the adder.
You kill the adder!
The giant cockroach misses you. The kobold hits you with a whip.
* * * LOW HITPOINT WARNING * * *
You slash the kobold!
You kill the kobold!
The giant cockroach barely misses you. The giant cockroach bites you.
You die...

(.. . #.. .#
.###..## .#
......# .# #....#
.# .# #....####.#
.# # ##........#
.#.##
#..)@s.((#####
.#...
......†........<#
....
.....#..........#
.#### ..##
#.###..###.#
..... . #. #..#
#.# .##### #.
#..# #.# ......
#.# #..###.###
........### #.#
#........#
#.###...#.# #.#
#.##.#.###


You could see a giant cockroach.

Vanquished Creatures
  2 adders (D:2)
  An ooze (D:1)
  A ball python (D:1)
  A giant cockroach (D:2)
  A goblin (D:2)
  4 hobgoblins
  2 jackals (D:2)
  4 bats
  3 frilled lizards
  4 kobolds
  2 rats (D:1)
25 creatures vanquished.

Notes
Turn   | Place    | Note
-------+----------+-------------------------------------------
     0 | D:1      | slep the Demonspawn Gladiator began the quest for the Orb.
     0 | D:1      | Reached XP level 1. HP: 16/16 MP: 1/1
   148 | D:1      | Gained mutation: You sometimes gain a little power by taking damage. [demonic ancestry]
   148 | D:1      | Reached XP level 2. HP: 22/22 MP: 2/2
   570 | D:2      | Gained mutation: You have a pair of small antennae on your head. [demonic ancestry]
   570 | D:2      | Reached XP level 3. HP: 15/27 MP: 3/3
   603 | D:2      | Found a shattered altar of Ashenzari.
   711 | D:2      | HP: 1/27 [kobold/whip (2)]
   712 | D:2      | Slain by a giant cockroach

Vault maps used:
D:1:      dpeg_arrival_chambers_temple_mockup, minmay_misc_feat_square,
          serial_bayou_pond_e
D:2:      ashenzari_conservatory_becter, first_ration, corexii_shack

Skill      XL: |  1  2  3 |
---------------+----------+-----
Throwing       | 2 |  2.3
Long Blades    | 3 |  3.4
Dodging        | 3 |  3.0
Fighting       | |  2.2

Action                   || total
-------------------------++-------
Melee: Long sword        ||    55
 Stab: Sleeping          ||     1
Armor: Leather armour    ||    19
Dodge: Dodged            ||    63
       Rpst.: Long sword ||    17

Table legend:
 A = Spawn XP
 B = Non-spawn XP
 C = Spawn XP percentage of total XP
 D = Spawn monster count
 E = Non-spawn monster count
 F = Spawn count percentage of total count
 G = Total turns spent on level
                    A         B        C        D         E        F      G
               +---------+---------+-------+---------+---------+-------+---------
         Total |       0 |      67 |   0.0 |       0 |      25 |   0.0 |   712
               +---------+---------+-------+---------+---------+-------+---------
           D:1 |       0 |      19 |   0.0 |       0 |       9 |   0.0 |   487
           D:2 |       0 |      48 |   0.0 |       0 |      16 |   0.0 |   225
               +---------+---------+-------+---------+---------+-------+---------
